 Dungeon Crawl Stone Soup version 0.31-a0-369-g8eba5f6939 (webtiles) character file.

Game seed: 15654572788005495151

159 HoaS the Twirler (level 5, -4/30 HPs)
             Began as a Gargoyle Gladiator on July 28, 2023.
             Killed by divine providence
             ... invoked by an orc priest
              (16 damage)
             ... on level 3 of the Dungeon.
             The game lasted 00:07:13 (2055 turns).

HoaS the Twirler (Gargoyle Gladiator)               Turns: 2055, Time: 00:07:14

Health: -4/30      AC: 12    Str: 20    XL:     5   Next: 40%
Magic:  5/5        EV: 11    Int:  8    God:
Gold:   136        SH:  5    Dex: 11    Spells: 4/4 levels left

rFire   . . .        a - +1 quarterstaff
rCold   . . .        (shield currently unavailable)
rNeg    + . .        j - +0 ring mail
rPois   ∞            c - +1 helmet
rElec   +            (no cloak)
rCorr   .            (no gloves)
SInv    +            r - +0 pair of boots
Will    .....        i - amulet of reflection
Stlth   +            k - ring of see invisible
HPRegen 0.25/turn    (no ring)
MPRegen 0.09/turn

%: reflection
@: no status effects
A: sickness immunity, AC +4, negative energy resistance 1, electricity
resistance, torment resistance 1, petrification resistance
a: no special abilities


You were on level 3 of the Dungeon.
You visited 1 branch of the dungeon, and saw 3 of its levels.

You collected 136 gold pieces.

Inventory:

Hand Weapons
 a - a +1 quarterstaff (weapon)
Missiles
 d - 3 throwing nets (quivered)
 e - 5 javelins
 n - 2 poisoned darts
Armour
 c - a +1 helmet (worn)
 j - a +0 ring mail (worn)
 r - a +0 pair of boots (worn)
Jewellery
 i - an amulet of reflection (around neck)
 k - a ring of see invisible (left hand)
Talismans
 o - a serpent talisman
Scrolls
 q - a scroll of fog {unknown}
Potions
 b - a potion of resistance {unknown}
 f - a potion of attraction
 g - a potion of might {unknown}
 h - 2 potions of lignification {unknown}
 l - 2 potions of heal wounds {unknown}
 m - a potion of degeneration {unknown}
 p - a potion of berserk rage {unknown}


   Skills:
 - Level 2.1 Fighting
 * Level 5.5 Staves
 - Level 1.7 Throwing
 - Level 2.1 Armour
 - Level 2.4 Dodging


You had 4 spell levels left.
You didn't know any spells.
Your spell library was empty.

Dungeon Overview and Level Annotations

Branches:
Dungeon (3/15)

Altars:


Innate Abilities, Weirdness & Mutations

You are immune to sickness and miasma.
Your stone body is resilient. (AC +4)
You are immune to poison.
You resist negative energy. (rN+)
You are resistant to electric shocks. (rElec)
You are resistant to unholy torment.
You are immune to petrification.


Message History

Natasha is moderately wounded.
Natasha claws you.
The cerulean imp hits you but does no damage.
You sock Natasha!
You kill Natasha!
Natasha screams in fury as she dies!
The cerulean imp disappears in a puff of smoke!
There is a stone staircase leading up here.
You see here a +0 pair of boots.
r - a +0 pair of boots You start putting on your armour.
You continue putting on your +0 pair of boots. x4
You finish putting on your +0 pair of boots.
An orc comes into view. It is wielding a +0 dagger.
The orc shouts!
The orc throws a boomerang.
The boomerang closely misses you.
An orc comes into view. It is wielding a +0 falchion.
The orc shouts!
The orc throws a boomerang.
The boomerang hits you.
An orc comes into view. It is wielding a +0 flail.
The orc shouts!
An orc priest comes into view. It is wielding a +0 flail.
The orc priest shouts!
An orc comes into view. It is wielding a +0 club.
A worm comes into view.
The orc shouts!
The orc throws a boomerang.
The boomerang hits you but does no damage.
The orc throws a boomerang.
The boomerang hits you.
The orc priest invokes the aid of Beogh against you.
Beogh smites you!
Ouch! That really hurt!
The orc throws a boomerang.
The boomerang closely misses you.
There is a stone staircase leading up here.
The orc throws a boomerang.
The boomerang hits you. The orc closely misses you.
The orc hits you with a +0 flail.
The orc priest calls down the wrath of Beogh upon you.
Beogh smites you!
Ouch! That really hurt!
You die...

#### #.........# ...##
#.........# ....# #.........#
....# ##.......##
.##.##########.........#
.......................#
...........###.........##########
.........#.......o.....o.........
........)#####..@o.oo...#########
......#.##..............#
...........###.......####
.††<>......)...#..#######
#####....#...[........... #
###.#.............##### #
#...#..####....>..#### # #.###..#
####........ ###.###..# #....####


You could see an orc priest and 4 orcs.

Vanquished Creatures
  Natasha (twice) (D:3)
  3 gnolls
  3 adders (D:2)
  2 adder skeletons (D:2)
  A dart slug (D:1)
  8 ball pythons
  A bat zombie (D:2)
  2 endoplasms
  A giant cockroach (D:2)
  4 goblins
  3 hobgoblins (D:2)
  4 jackals (D:1)
  A quokka (D:1)
  A ball python skeleton (D:2)
  A bat (D:3)
  3 frilled lizards (D:2)
  5 kobolds
  4 rats
49 creatures vanquished.

Notes
Turn   | Place    | Note
-------+----------+-------------------------------------------
     0 | D:1      | HoaS the Gargoyle Gladiator began the quest for the Orb.
     0 | D:1      | Reached XP level 1. HP: 12/12 MP: 1/1
   191 | D:1      | Found a faded altar of an unknown god.
   199 | D:1      | Reached XP level 2. HP: 17/17 MP: 2/2
   336 | D:1      | Reached skill level 1 in Armour
   857 | D:2      | Reached XP level 3. HP: 17/21 MP: 3/3
  1143 | D:2      | Reached skill level 4 in Staves
  1400 | D:2      | Reached XP level 4. HP: 13/26 MP: 4/4
  1803 | D:3      | Noticed Natasha
  1819 | D:3      | Killed Natasha
  1820 | D:3      | Reached skill level 5 in Staves
  1820 | D:3      | Reached XP level 5. HP: 20/30 MP: 5/5
  1996 | D:3      | Noticed Natasha
  2001 | D:3      | Killed Natasha
  2055 | D:3      | Killed from afar by an orc priest

Illustrated notes

Levels and vault maps discovered:
D:1:      saegor_arrival_simple_e, layout_basic,
          hellmonk_ecumenical_altar_zigzags
D:2:      layout_basic, serial_undead, serial_undead_a, serial_undead_c,
          serial_undead_b, serial_undead_c
D:3:      layout_rooms, uniq_natasha

Skill      XL: |  1  2  3  4 |
---------------+-------------+-----
Armour         | 1 2 |  2.1
Staves         | 4 5 |  5.5
Fighting       | |  2.1
Throwing       | |  1.7
Dodging        | |  2.4

Action                     |  1- 3 |  4- 6 || total
---------------------------+-------+-------++-------
  Melee: Quarterstaff      |    89 |    42 ||   131
    Use: Scroll            |     4 |     1 ||     5
   Stab: Sleeping          |     2 |       ||     2
 Armour: Leather armour    |     7 |       ||     7
         Ring mail         |    22 |    20 ||    42
  Dodge: Dodged            |    42 |    28 ||    70
  Block: Other             |    11 |    13 ||    24
         Reflection        |       |     1 ||     1

Table legend: (Time is in decaauts)
 A = Elapsed time spent in this place.
 B = Non-inter-level travel time spent in this place.
 C = Inter-level travel time spent in this place.
 D = Time resting spent in this place.
 E = Time spent auto-exploring this place.
 F = Levels seen in this place.
 G = Mean time per level.
                   A        B        C        D        E       F      G
               +--------+--------+--------+--------+--------+-----+--------+
         Total |   2067 |   1932 |    135 |    186 |   1326 |   3 |  689.0 |
       Dungeon |   2067 |   1932 |    135 |    186 |   1326 |   3 |  689.0 |
               +--------+--------+--------+--------+--------+-----+--------+

Top non-repeatable levels by time:
     D:1: 913 daAuts
     D:2: 890 daAuts
     D:3: 263 daAuts
